 Dungeon Crawl Stone Soup version 0.29.0-7-g18a832c13a (webtiles) character file.

Game seed: 8383345308584190018

130 RascalDebosk the Grave Robber (level 4, -5/24 HPs)
             Began as a Deep Elf Necromancer on Aug 30, 2022.
             Slain by an orc priest
             ... wielding a +0 hand axe
              (7 damage)
             ... on level 3 of the Dungeon.
             The game lasted 00:16:39 (1842 turns).

RascalDebosk the Grave Robber (DENe)                Turns: 1842, Time: 00:16:39

Health: -5/24      AC:  2    Str:  5    XL:     4   Next: 89%
Magic:  1/12       EV: 14    Int: 22    God:
Gold:   118        SH:  0    Dex: 21    Spells: 2/11 levels left

rFire   . . .      SeeInvis .   m - +0 dagger
rCold   . . .      Faith    .   (no shield)
rNeg    . . .      Spirit   .   a - +0 robe
rPois   .          Reflect  .   (no helmet)
rElec   .          Harm     .   (no cloak)
rCorr   .          Rampage  .   (no gloves)
Will    .....                   (no boots)
Stlth   +++.......              (no amulet)
HPRegen 0.08/turn               g - +6 ring of dexterity
MPRegen 0.13/turn               (no ring)

@: animating dead
A: no striking features
a: no special abilities


You were on level 3 of the Dungeon.
You visited 1 branch of the dungeon, and saw 3 of its levels.

You collected 118 gold pieces.

Inventory:

Hand Weapons
 m - a +0 dagger (weapon)
Armour
 a - a +0 robe (worn)
Jewellery
 g - a +6 ring of dexterity (left hand)
Wands
 l - a wand of flame (10)
 n - a wand of iceblast (9)
Scrolls
 d - a scroll of immolation {unknown}
 f - 5 scrolls of identify {unknown}
 i - a scroll of teleportation {unknown}
 j - a scroll of blinking {unknown}
 k - a scroll of fear {unknown}
Potions
 b - a potion of magic
 c - a potion of flight {unknown}
 e - a potion of ambrosia {unknown}
 h - 2 potions of berserk rage {unknown}
 o - a potion of might {unknown}


   Skills:
 + Level 3.4 Dodging
 + Level 3.6 Stealth
 + Level 4.0 Spellcasting
 + Level 0.8 Hexes
 + Level 5.4 Necromancy
 + Level 1.9 Evocations


You had 2 spell levels left.
You knew the following spells:

 Your Spells              Type           Power      Damage    Failure   Level
a - Necrotise             Necr           100%       1d9       1%          1
b - Vampiric Draining     Necr           28%        2d8       3%          3
c - Animate Dead          Necr           28%        N/A       12%         4
d - Slow                  Hex            32%        N/A       8%          1

Your spell library contained the following spells:

 Spells                   Type           Power      Damage    Failure   Level
 Confusing Touch          Hex            8%         N/A       24%         3
 Agony                    Necr           28%        N/A       32%         5


Dungeon Overview and Level Annotations

Branches:
Dungeon (3/15)

Altars:


Message History

The gnoll is heavily wounded.
Your orc skeleton hits the gnoll but does no damage.
The orc priest hits your orc zombie with a +0 hand axe.
The gnoll barely misses you.
You hit the gnoll.
The gnoll is severely wounded.
Your orc zombie completely misses the gnoll.
The gnoll barely misses you.
The orc priest mumbles some strange prayers to Beogh against you.
Beogh smites you!
Ouch! That really hurt!
Your orc skeleton barely misses the gnoll.
You hear a shout!
You hit the gnoll but do no damage.
The gnoll is severely wounded.
You hear a shout! x2
The gnoll hits you with a +0 club.
* * * LOW HITPOINT WARNING * * *
The orc priest hits your orc zombie with a +0 hand axe!
Your orc zombie is destroyed!
Your orc skeleton closely misses the gnoll.
You hear a shout!
You closely miss the gnoll.
The gnoll is severely wounded.
The gnoll misses you.
A gnoll comes into view. It is wielding a +0 whip.
Your orc skeleton hits the gnoll.
You hit the gnoll.
You kill the gnoll!
The dead are walking!
You barely miss the orc priest.
Your orc skeleton barely misses the orc priest.
The orc priest hits you with a +0 hand axe.
* * * LOW HITPOINT WARNING * * *
The orc priest hits your orc skeleton with a +0 hand axe.
Unknown command.
You completely miss the orc priest.
Your gnoll zombie barely misses the orc.
The orc priest hits you with a +0 hand axe!
You die...

#...# #...#
#######...########
.................#
.##.###...######.#
.##.###...# #.#
.##.......# #.#
.######Z#.# #Z# .#
#.#.# #@# ##
#.#.######o#######
#........Zog..Zo.o
##..######Z#.#####
#.## #.#.# #.# ..#
. #.# ### ## #.#
#.#


You could see an orc priest (ally target), a gnoll, an orc, a friendly giant
cockroach zombie, a friendly gnoll zombie and a friendly orc skeleton.

Vanquished Creatures
  Natasha (thrice) (D:2)
  A gnoll (D:3)
  An adder (D:2)
  A dart slug (D:1)
  3 orcs (D:3)
  4 endoplasms
  4 giant cockroaches
  A goblin (D:1)
  2 hobgoblins (D:3)
  4 ball pythons
  4 bats
  A frilled lizard (D:1)
  2 kobolds (D:1)
  2 rats (D:2)
33 creatures vanquished.

Vanquished Creatures (collateral kills)
  A hobgoblin (D:2)
  A ball python (D:1)
2 creatures vanquished.

Vanquished Creatures (others)
  2 orc zombies (D:3)
2 creatures vanquished.

Grand Total: 37 creatures vanquished

Notes
Turn   | Place    | Note
-------+----------+-------------------------------------------
     0 | D:1      | RascalDebosk the Deep Elf Necromancer began the quest for
                  | the Orb.
     0 | D:1      | Reached XP level 1. HP: 10/10 MP: 6/6
   182 | D:1      | Reached XP level 2. HP: 15/15 MP: 5/8
   197 | D:1      | Reached skill level 5 in Necromancy
   298 | D:1      | Found a faded altar of an unknown god.
   610 | D:2      | Noticed Natasha
   615 | D:2      | Killed Natasha
   616 | D:2      | Reached skill level 1 in Evocations
   616 | D:2      | Reached XP level 3. HP: 19/19 MP: 6/10
   622 | D:2      | Learned a level 3 spell: Vampiric Draining
   714 | D:2      | Noticed Natasha
   728 | D:2      | Killed Natasha
   752 | D:2      | Reached XP level 4. HP: 3/24 MP: 9/11
  1029 | D:2      | Learned a level 4 spell: Animate Dead
  1221 | D:2      | Learned a level 1 spell: Slow
  1345 | D:2      | Noticed Natasha
  1352 | D:2      | Killed Natasha
  1842 | D:3      | Slain by an orc priest

Illustrated notes

Levels and vault maps discovered:
D:1:      minmay_arrival_hallway, layout_rooms,
          hellmonk_ecumenical_altar_leap_of_faith, grunt_decor_mini_mirrors,
          serial_park_tiny_pond, minmay_misc_feat_alley, nrook_loot_triangle
D:2:      layout_loops_ring, uniq_natasha
D:3:      layout_loops_ring, uniq_sigmund, uniq_jessica

Skill      XL: |  1  2  3  4 |
---------------+-------------+-----
Necromancy     | 5 |  5.4
Dodging        | 3 |  3.4
Stealth        | 3 |  3.6
Evocations     | 1 |  1.9
Spellcasting   | 4 |  4.0
Hexes          | |  0.8

Action                   |  1- 3 |  4- 6 || total
-------------------------+-------+-------++-------
Melee: Dagger            |       |     7 ||     7
 Cast: Necrotise         |    27 |    25 ||    52
       Animate Dead      |       |     3 ||     3
       Slow              |       |     1 ||     1
Armor: Robe              |     1 |       ||     1
Dodge: Dodged            |       |     5 ||     5
